 Dungeon Crawl Stone Soup version 0.30-a0-172-gc5509c9e31 (webtiles) character file.

Game seed: 16878550791799404833

306 qw the Chopper (level 6, 0/38 HPs)
             Began as a Gargoyle Fighter on Oct 1, 2022.
             Was an Initiate of Okawaru.
             Splashed by a jelly's acid (2 damage)
             ... on level 5 of the Dungeon.
             The game lasted 00:01:28 (3773 turns).

qw the Chopper (Gargoyle Fighter)                   Turns: 3773, Time: 00:01:28

Health: 0/38       AC: 10    Str: 21    XL:     6   Next: 39%
Magic:  6/6        EV:  7    Int:  9    God:    Okawaru [......]
Gold:   242        SH:  4    Dex:  9    Spells: 5/5 levels left

rFire   . . .      SeeInvis .    Y - +1 war axe (flame)
rCold   . . .      Faith    .    c - +0 buckler
rNeg    + . .      Spirit   .    h - +0 chain mail
rPois   inf        Reflect  .    (no helmet)
rElec   +          Harm     .    (no cloak)
rCorr   .          Rampage  .    f - +0 pair of gloves
Will    .....                    (no boots)
Stlth   ..........               (no amulet)
HPRegen 0.26/turn                (no ring)
MPRegen 0.10/turn                (no ring)

@: corroded
A: sickness immunity, AC +4, negative energy resistance 1, electricity
resistance, torment resistance 1, petrification resistance
a: Renounce Religion


You were on level 5 of the Dungeon.
You worshipped Okawaru.
Okawaru was noncommittal.
You visited 1 branch of the dungeon, and saw 5 of its levels.

You collected 242 gold pieces.


Innate Abilities, Weirdness & Mutations

You are immune to sickness and miasma.
Your stone body is resilient. (AC +4)
You are immune to poison.
You resist negative energy. (rN+)
You are resistant to electric shocks. (rElec)
You are resistant to unholy torment.
You are immune to petrification.


   Skills:
 - Level 4.0 Fighting
 + Level 5.6 Axes
 - Level 3.2 Armour
 - Level 3.2 Shields


You had 5 spell levels left.
You didn't know any spells.
Your spell library was empty.

Inventory:

Hand Weapons
 Y - a +1 war axe of flaming (weapon)
Armour
 c - a +0 buckler (worn)
 f - a +0 pair of gloves (worn)
 h - a +0 chain mail (worn)
Scrolls
 i - 2 scrolls of identify
 k - a scroll of silence {unknown}
Potions
 a - a potion of resistance
 d - a potion of might
 e - a potion of attraction {unknown}
 g - a potion of mutation {unknown}
 j - a potion of lignification
 m - 3 potions of curing

Dungeon Overview and Level Annotations

Branches:
Dungeon (5/15)
 Temple: D:4-7

Altars:
Elyvilon
Hepliaklqana
Okawaru
Qazlal

Shops:
D:5 *


Message History

Okawaru accepts your kill.
3760 ||| FLEEEEING.
You barely miss the orc. The orc barely misses you.
You hit the orc. You burn the orc.
The orc is severely wounded.
The orc hits you but does no damage.
An orc priest comes into view. It is wielding a +0 club.
3763 ||| Stepping ~*~*~tactically~*~*~ (stealth).
You closely miss the orc.
The orc is severely wounded.
The orc barely misses you.
You slash the orc! You burn the orc.
You kill the orc!
Okawaru accepts your kill.
The orc priest calls down the wrath of Beogh upon you.
Beogh smites you!
3767 ||| READING scroll of teleportation.
As you read the scroll of teleportation, it crumbles to dust.
You feel strangely unstable.
You closely miss the orc priest.
The orc priest hits you but does no damage.
You hit the orc priest. You burn the orc priest.
The orc priest is lightly wounded.
The orc priest barely misses you.
You hit the orc priest. You burn the orc priest.
The orc priest is heavily wounded.
The orc priest hits you but does no damage.
You hit the orc priest. You burn the orc priest.
The orc priest is almost dead.
Your surroundings suddenly seem different.
A jelly comes into view.
Found a hazy altar of Hepliaklqana.
The jelly quivers.
Enter note: You hit the jelly.
You burn the jelly. The acid corrodes you!
Your hands burn!
The jelly is moderately wounded.
The jelly hits you but does no damage.
You slash the jelly! You burn the jelly.
Your hands burn!
You die...

#.. . #.. #.
#.# #._ #.#
... #.## ..
#.. #####.#.#
.......@#
#######.J....#
#.......#
\........ .##
......... ...
#......... ..#
##.......#
##.....##


You could see a jelly.

Vanquished Creatures
  A hound (D:4)
  An orc priest (D:5)
  2 orc wizards
  2 gnolls (D:3)
  5 adders
  A worm (D:3)
  3 dart slugs
  19 orcs
  5 ball pythons
  6 endoplasms
  7 hobgoblins
  15 jackals
  6 bats
  3 frilled lizards
  9 goblins
  7 kobolds
  6 rats
98 creatures vanquished.

Vanquished Creatures (others)
  4 toadstools (D:1)
4 creatures vanquished.

Grand Total: 102 creatures vanquished

Notes
Turn   | Place    | Note
-------+----------+-------------------------------------------
     0 | D:1      | qw the Gargoyle Fighter began the quest for the Orb.
     0 | D:1      | Reached XP level 1. HP: 14/14 MP: 1/1
     0 | D:1      | 0 ||| qw: Version: 0.2-a-13-gfc7b4b4
     0 | D:1      | 0 ||| qw: Game counter: 1795
     0 | D:1      | 0 ||| qw: Always use a shield: true
     0 | D:1      | 0 ||| qw: God list: Okawaru
     0 | D:1      | 0 ||| qw: Allow faded altars: false
     0 | D:1      | 0 ||| qw: Do Orc after D:15 true
     0 | D:1      | 0 ||| qw: Do second Lair branch before Depths: true
     0 | D:1      | 0 ||| qw: Lair rune preference: random
     0 | D:1      | 0 ||| qw: Plans: Normal, Zot:1-4, God:TSO, Crypt, Tomb,
                  | Pan, Slime:5, Hells, Abyss, Orb
     0 | D:1      | 0 ||| PLANNING D:1-11
    50 | D:1      | Reached skill level 2 in Axes
   194 | D:1      | Reached XP level 2. HP: 19/19 MP: 2/2
   591 | D:1      | 591 ||| UPGRADING to +0 pair of gloves.
   596 | D:1      | 596 ||| UPGRADING to +0 chain mail.
   606 | D:1      | 606 ||| DROPPING +0 scale mail.
   607 | D:1      | 607 ||| READING scroll labelled ONAILA YTAXT.
   608 | D:1      | 608 ||| READING 2 scrolls labelled NURASK JUCLOU.
   609 | D:1      | 609 ||| READING scroll labelled TUEPAECEIG.
   612 | D:1      | 612 ||| READING scroll labelled ODGHUD SONI.
   613 | D:1      | 613 ||| READING scroll labelled LAEWOPL JADE.
   614 | D:1      | 614 ||| DROPPING scroll of poison.
   667 | D:2      | 667 ||| Stepping ~*~*~tactically~*~*~ (stealth).
   670 | D:2      | Reached skill level 3 in Axes
   676 | D:2      | Reached XP level 3. HP: 20/23 MP: 3/3
   676 | D:2      | 676 ||| FLEEEEING.
   677 | D:2      | 677 ||| FLEEEEING.
   678 | D:2      | 678 ||| FLEEEEING.
   698 | D:2      | 698 ||| DROPPING +2 hand axe of freezing.
   734 | D:2      | Found a stormy altar of Qazlal.
   918 | D:2      | 918 ||| Stepping ~*~*~tactically~*~*~ (stealth).
  1359 | D:2      | 1359 ||| READING scroll labelled CARITHOPOS.
  1360 | D:2      | 1360 ||| READING scroll labelled EDWITEOXUC.
  1361 | D:2      | 1361 ||| DROPPING +0 club.
  1362 | D:2      | 1362 ||| DRINKING 3 viscous inky potions.
  1363 | D:2      | 1363 ||| DRINKING 2 smoky silvery potions.
  1394 | D:3      | 1394 ||| Stepping ~*~*~tactically~*~*~ (stealth).
  1410 | D:3      | 1410 ||| Stepping ~*~*~tactically~*~*~ (stealth).
  1450 | D:3      | Reached skill level 4 in Axes
  1450 | D:3      | Reached XP level 4. HP: 22/28 MP: 4/4
  1788 | D:3      | HP: 4/28 [orc priest/divine providence (12)]
  1789 | D:3      | Reached XP level 5. HP: 5/32 MP: 5/5
  1789 | D:3      | 1789 ||| READING 2 scrolls of teleportation.
  1790 | D:3      | 1790 ||| DRINKING potion of heal wounds.
  1993 | D:3      | 1993 ||| Stepping ~*~*~tactically~*~*~ (hiding).
  2009 | D:3      | HP: 7/32 [gnoll/+1 vorpal flail (8)]
  2010 | D:3      | 2010 ||| READING scroll of teleportation.
  2343 | D:3      | 2343 ||| Stepping ~*~*~tactically~*~*~ (stealth).
  2346 | D:3      | 2346 ||| Stepping ~*~*~tactically~*~*~ (stealth).
  2370 | D:3      | 2370 ||| Stepping ~*~*~tactically~*~*~ (stealth).
  2377 | D:3      | 2377 ||| READING scroll labelled SACRUI ELUS.
  2378 | D:3      | 2378 ||| READING scroll labelled TEEREE IKUETIF.
  2379 | D:3      | 2379 ||| READING 3 scrolls of identify.
  2379 | D:3      | 2379 ||| IDENTIFYING fuming purple potion
  2380 | D:3      | 2380 ||| READING 2 scrolls of identify.
  2380 | D:3      | 2380 ||| IDENTIFYING smoky emerald potion
  2381 | D:3      | 2381 ||| DROPPING potion of flight.
  2442 | D:4      | Reached skill level 5 in Axes
  2496 | D:4      | Found an iron altar of Okawaru.
  2497 | D:4      | 2497 ||| PLANNING OKAWARU WORSHIP
  2497 | D:4      | 2497 ||| DRINKING 2 bubbling cyan potions.
  2598 | D:4      | 2598 ||| DROPPING potion of ambrosia.
  2606 | D:4      | Became a worshipper of Warmaster Okawaru
  2607 | D:4      | 2607 ||| PLANNING D:1-11
  2845 | D:4      | Found a white marble altar of Elyvilon.
  3313 | D:4      | Reached XP level 6. HP: 37/38 MP: 6/6
  3522 | D:4      | 3522 ||| DRINKING 2 red potions.
  3568 | D:5      | Entered Level 5 of the Dungeon
  3614 | D:5      | 3614 ||| Stepping ~*~*~tactically~*~*~ (stealth).
  3760 | D:5      | 3760 ||| FLEEEEING.
  3763 | D:5      | 3763 ||| Stepping ~*~*~tactically~*~*~ (stealth).
  3766 | D:5      | HP: 5/38 [orc priest/divine providence (14)]
  3767 | D:5      | 3767 ||| READING scroll of teleportation.
  3771 | D:5      | Found Buzit's Assorted Antiques.
  3771 | D:5      | Found a hazy altar of Hepliaklqana.
  3772 | D:5      | HP: 1/38 [acid (5)]
  3773 | D:5      | Splashed by a jelly's acid

Levels and vault maps discovered:
D:1:      ldierk_walled_garden_2, layout_basic, minmay_pentomino_q4
D:2:      minmay_kobold_bridge, layout_loops_ring, basic_altar
D:3:      layout_basic, amcnicky_mini_pool_small
D:4:      layout_layer_cave, okawaru_ov_weapons_minmay, lemuel_round_altar,
          minmay_misc_feat_five
D:5:      layout_loops_corners, nicolae_uskayaw_murder_on_the_dancefloor,
          mainiacjoe_overflow_cross_hatched, serial_shops,
          nicolae_inconvenience_store, shop_statue, shop,
          nicolae_shop_behind_doors, st_stairs_5, lexackson_kobold_supper,
          uniq_crazy_yiuf_cottage

Skill      XL: |  1  2  3  4  5 |
---------------+----------------+-----
Axes           | 2 3 4 5 |  5.6
Fighting       | 4 |  4.0
Armour         | |  3.2
Shields        | |  3.2

Action                   |  1- 3 |  4- 6 || total
-------------------------+-------+-------++-------
Melee: War axe           |   105 |   184 ||   289
Throw: Boomerang         |       |    12 ||    12
  Use: Scroll            |     7 |     7 ||    14
       Potion            |     2 |     3 ||     5
Armor: Scale mail        |    23 |       ||    23
       Chain mail        |    43 |   142 ||   185
Dodge: Dodged            |    36 |    81 ||   117
Block: Buckler           |    13 |    43 ||    56

Table legend:
 A = Non-vault XP
 B = Vault XP
 C = Vault XP percentage of total XP
 D = Non-vault monster count
 E = Vault monster count
 F = Vault count percentage of total count
                 A         B        C        D         E       F
            +---------+---------+-------+---------+---------+-------
      Total |     429 |       9 |   2.1 |      92 |       6 |   6.1
            +---------+---------+-------+---------+---------+-------
        D:1 |      21 |       5 |  19.2 |      14 |       3 |  17.6
        D:2 |      26 |       4 |  13.3 |      14 |       3 |  17.6
        D:3 |     156 |       0 |   0.0 |      37 |       0 |   0.0
        D:4 |     109 |       0 |   0.0 |      16 |       0 |   0.0
        D:5 |     117 |       0 |   0.0 |      11 |       0 |   0.0
            +---------+---------+-------+---------+---------+-------
